[Event "Titled Tuesday Blitz January 17 Late 2023"]
[White "rikchessmx"]
[Black "Ansh M Shah"]
[BlackFideId "25033379"]
[WhiteElo "2289"]
[BlackElo "2171"]
[Result "0-1"]
[Round "02"]
[TimeControl "180+2"]
[Date "2023.01.17"]
[WhiteClock "0:01:02"]
[BlackClock "0:00:15"]

1. e4 c6 2. d4 d5 3. Nc3 dxe4 4. Nxe4 Bf5 5. Ng3 Bg6 6. Nf3 Nd7 7. h4 h6 8. h5 Bh7 9. Bc4 e6 10. Bb3 Ngf6 11. Qe2 Be7 12. Ne5 O-O 13. f4 Nd5 14. Be3 Nxe3 15. Qxe3 Nxe5 16. fxe5 c5 17. O-O-O cxd4 18. Rxd4 Qb6 19. Ne4 Rad8 20. Rhd1 Rd7 21. Nf6+ Bxf6 22. exf6 Rxd4 23. Rxd4 gxf6 24. Rg4+ Kh8 25. Qxh6 Qg1+ 26. Kd2 Rd8+ 27. Kc3 Qe1+ 28. Kc4 Rc8+ 29. Kb5 Qe5+ 30. Ka4 b5+ 31. Ka3 Qc5+ 32. Rb4 a5 33. Qxf6+ Kg8 34. c3 axb4+ 35. cxb4 Ra8+ 36. Ba4 Rxa4+ 37. Kb3 Rxb4+ 38. Ka3 Ra4+ 39. Kb3 Qc4# 0-1


[Site "https://www.chess.com"]

[Event "Titled Tuesday Blitz January 17 Late 2023"]
[White "Romero Ruscalleda, Josep"]
[Black "Leenhouts, Koen"]
[WhiteFideId "2231859"]
[BlackFideId "1008439"]
[WhiteElo "2160"]
[BlackElo "2447"]
[Result "0-1"]
[Round "02"]
[TimeControl "180+2"]
[Date "2023.01.17"]
[WhiteClock "0:00:10"]
[BlackClock "0:00:40"]

1. e4 e5 2. Nf3 d6 3. d4 exd4 4. Nxd4 Nf6 5. Nc3 Be7 6. Bc4 O-O 7. Be3 c6 8. a4 d5 9. exd5 cxd5 10. Bd3 Nc6 11. O-O Ng4 12. Nxc6 bxc6 13. Bf4 Bd6 14. Qf3 Qc7 15. Bg3 Ne5 16. Bxe5 Bxe5 17. h3 Rb8 18. Rfe1 g6 19. Rad1 Rxb2 20. Ne2 Be6 21. Nc1 Rb4 22. a5 Rf4 23. Qe2 Bc3 24. Rf1 Bxa5 25. Nb3 Bb6 26. Ra1 Bf5 27. Qd2 Bxd3 28. Qxd3 Re8 29. Ra6 Rxf2 30. Rxf2 Re1+ 0-1


[Site "https://www.chess.com"]

[Event "Titled Tuesday Blitz January 17 Late 2023"]
[White "Suvorov, Luca"]
[Black "Abdyzhaparov, Aidar"]
[WhiteFideId "12977071"]
[BlackFideId "13800361"]
[WhiteElo "2310"]
[BlackElo "1978"]
[Result "0-1"]
[Round "02"]
[TimeControl "180+2"]
[Date "2023.01.17"]
[WhiteClock "0:00:05"]
[BlackClock "0:00:16"]

1. c4 g6 2. d4 Bg7 3. e4 Nc6 4. Ne2 e5 5. d5 Nd4 6. Be3 c5 7. dxc6 dxc6 8. Nbc3 Ne7 9. Qd2 O-O 10. Rd1 Bg4 11. h3 Bf3 12. Qd3 Bxe2 13. Bxe2 Qb6 14. O-O Qxb2 15. Rfe1 Rfd8 16. Rb1 Qa3 17. Nd5 Nxe2+ 18. Qxe2 cxd5 19. cxd5 b6 20. Rb3 Qa4 21. f3 Nc8 22. Rc1 Nd6 23. Rc6 Nb5 24. Qxb5 Qxa2 25. Kh2 h5 26. Rbc3 h4 27. Qf1 Qb2 28. Rc7 a5 29. Bc1 Qb4 30. Bg5 Re8 31. Bxh4 a4 32. Be1 a3 33. Rc1 Qb2 34. Bf2 a2 35. Ra1 Bh6 36. Rc4 Bf4+ 37. g3 Be3 38. Kg2 Bxf2 39. Qxf2 Qxa1 0-1


[Site "https://www.chess.com"]

[Event "Titled Tuesday Blitz January 17 Late 2023"]
[White "Hnydiuk, Aleksander"]
[Black "MitzyCaballero"]
[WhiteFideId "1109057"]
[WhiteElo "2363"]
[BlackElo "2313"]
[Result "1-0"]
[Round "02"]
[TimeControl "180+2"]
[Date "2023.01.17"]
[WhiteClock "0:00:23"]
[BlackClock "0:00:02"]

1. d4 e6 2. Bf4 f5 3. e3 Nf6 4. h3 Be7 5. Bd3 O-O 6. g4 Ne4 7. Nd2 d5 8. Ngf3 b6 9. Ne5 Bb7 10. Qe2 Bh4 11. Rf1 c5 12. O-O-O c4 13. Bxe4 fxe4 14. c3 g5 15. Bh2 Nd7 16. f3 Nxe5 17. Bxe5 exf3 18. Nxf3 Bc6 19. e4 Qe7 20. Nxh4 gxh4 21. Kb1 Qg5 22. Bd6 Rxf1 23. Rxf1 Qg6 24. Rf4 dxe4 25. Kc1 Bd5 26. Qf2 Qg7 27. Be5 Qe7 28. Rf6 Rf8 29. Qf4 Rxf6 30. Bxf6 Qf8 31. Qg5+ Kf7 32. Be5 Ke8 33. Bf4 Qf7 34. Qe5 Kf8 35. Kd2 Ke8 36. Qb8+ Ke7 37. Qxa7+ Kf6 38. Qxb6 Kg6 39. Ke3 h5 40. Qd8 hxg4 41. Qg5+ Kh7 42. Qxh4+ 1-0


[Site "https://www.chess.com"]

[Event "Titled Tuesday Blitz January 17 Late 2023"]
[White "Szente Varga, Fruzsina"]
[Black "Kozin, Yuri"]
[WhiteFideId "712264"]
[BlackFideId "4129920"]
[WhiteElo "2075"]
[BlackElo "2251"]
[Result "1-0"]
[Round "02"]
[TimeControl "180+2"]
[Date "2023.01.17"]
[WhiteClock "0:00:28"]
[BlackClock "0:00:12"]

1. e4 c5 2. Nf3 e6 3. b3 b6 4. Bb2 Bb7 5. Nc3 Nf6 6. e5 Nd5 7. d4 cxd4 8. Nxd4 Bb4 9. Qd3 Qc7 10. Ne2 Qxe5 11. O-O-O Qg5+ 12. Kb1 O-O 13. Nxd5 Bxd5 14. f4 Qg6 15. f5 Qh6 16. Ng3 Be7 17. Be2 Nc6 18. Nh5 f6 19. Qg3 Rac8 20. Bc1 g5 21. fxg6 Qxg6 22. Qxg6+ hxg6 23. Nf4 Be4 24. Bd3 Bxd3 25. Rxd3 Ne5 26. Rg3 Kf7 27. h4 Rg8 28. Rf1 f5 29. Bb2 Bxh4 30. Rh3 Bf6 31. Ne2 Rh8 32. Re3 Ng4 33. Rd3 Bxb2 34. Kxb2 d5 35. Nf4 Rce8 36. Re1 g5 37. Ne2 Nf2 38. Rc3 Ne4 39. Rc7+ Re7 40. Rc6 Rd8 41. Nd4 Rd6 42. Rc8 Rdd7 43. Nf3 Rc7 44. Rh8 g4 45. Ne5+ Kf6 46. Nd3 Rh7 47. Rf8+ Rcf7 48. Rc8 Rh2 49. Re2 Kg5 50. Ne5 Rg7 51. Rf8 Kf4 52. Nd3+ Kg3 53. Ne1 Rg6 54. Rf7 f4 55. Rxa7 Rh1 56. Rf7 Rf6 57. Rxf6 Nxf6 58. Rxe6 Ne4 59. Nd3 Rf1 60. Rf6 d4 61. Rf8 f3 62. gxf3 Rxf3 63. Rg8 Nf2 64. Ne5 Rf4 65. a4 Kh3 66. b4 g3 67. a5 bxa5 68. bxa5 g2 69. a6 Ng4 70. Rh8+ Kg3 71. Nxg4 Rxg4 72. a7 g1=Q 73. a8=Q Qf2 74. Qb8+ Qf4 75. Qb3+ Qf3 76. Rh3+ Kxh3 77. Qxf3+ Kh4 78. Qf5 Kg3 79. Qd3+ Kh4 80. Kb3 Kg5 81. Kc4 Rf4 82. Qd2 Kf5 83. Qxf4+ Kxf4 84. Kxd4 Kf5 85. Kd5 Kf6 86. Kd6 Kf7 87. c4 Ke8 88. Kc7 Ke7 89. c5 Ke6 90. c6 Kd5 91. Kb7 Kd6 92. c7 1-0


[Site "https://www.chess.com"]

[Event "Titled Tuesday Blitz January 17 Late 2023"]
[White "Malka, Samuel"]
[Black "Grot, Blazej"]
[WhiteFideId "20643675"]
[BlackFideId "21835845"]
[WhiteElo "2165"]
[BlackElo "1990"]
[Result "1-0"]
[Round "02"]
[TimeControl "180+2"]
[Date "2023.01.17"]
[WhiteClock "0:01:56"]
[BlackClock "0:01:15"]

1. d4 d6 2. Nf3 Bg4 3. c4 Nd7 4. Nc3 Ngf6 5. g3 e5 6. Bg2 Be7 7. O-O O-O 8. d5 c6 9. Nd2 Qc7 10. f3 Bh5 11. e4 a6 12. Kh1 b5 13. dxc6 b4 14. Nd5 Nxd5 15. cxd5 Bg6 16. cxd7 1-0


[Site "https://www.chess.com"]

[Event "Titled Tuesday Blitz January 17 Late 2023"]
[White "Slavin, Alexey"]
[Black "Rodriguez Fontecha, Marcos"]
[WhiteFideId "24104388"]
[BlackFideId "2256576"]
[WhiteElo "2364"]
[BlackElo "2309"]
[Result "0-1"]
[Round "02"]
[TimeControl "180+2"]
[Date "2023.01.17"]
[WhiteClock "0:00:01"]
[BlackClock "0:00:03"]

1. e4 e6 2. Nf3 d5 3. e5 c5 4. b4 b6 5. a3 Ne7 6. c3 Ng6 7. d4 Be7 8. Bd3 a5 9. bxc5 bxc5 10. O-O O-O 11. Re1 Ba6 12. Bc2 Nc6 13. Be3 cxd4 14. cxd4 Rc8 15. Nbd2 f5 16. Nf1 Rc7 17. Ba4 Qa8 18. Bd2 Qa7 19. Rc1 Rfc8 20. Bxc6 Rxc6 21. Rxc6 Rxc6 22. Qa4 Qc7 23. Bxa5 Qc8 24. Bb4 Rc4 25. Ne3 Rc7 26. g3 f4 27. Bxe7 fxe3 28. Bd6 exf2+ 29. Kxf2 Rc2+ 30. Kg1 Rc1 31. Qb4 h6 32. Rxc1 Qxc1+ 33. Qe1 Qc2 34. Qf2 Qb1+ 35. Kg2 Qe4 36. h4 Nh8 37. Kh3 Be2 38. Nh2 Nf7 39. Qf4 Qd3 40. Ng4 Bf1+ 41. Kh2 Qe2+ 42. Qf2 Qxg4 43. Qxf1 Qxd4 44. Qf4 Qb2+ 45. Kh3 d4 46. Be7 d3 47. Qg4 d2 48. Qxe6 d1=Q 49. Qc8+ Kh7 50. Qf5+ Kg8 51. Qc8+ Nd8 52. Bxd8 Kh7 53. Qf5+ Kg8 54. Qe6+ Kh8 55. Qf5 Qd5 56. Bf6 Qg8 57. e6 Qb6 0-1


[Site "https://www.chess.com"]

[Event "Titled Tuesday Blitz January 17 Late 2023"]
[White "Liu, Kelsey"]
[Black "Gavilan Diaz, Mario"]
[WhiteFideId "30944481"]
[BlackFideId "2260905"]
[WhiteElo "2065"]
[BlackElo "2271"]
[Result "1-0"]
[Round "02"]
[TimeControl "180+2"]
[Date "2023.01.17"]
[WhiteClock "0:00:03"]
[BlackClock "0:00:01"]

1. e4 e6 2. d4 d5 3. Nc3 Nf6 4. Bg5 dxe4 5. Nxe4 Be7 6. Bxf6 gxf6 7. Nf3 f5 8. Ng3 c5 9. c3 Nc6 10. Bb5 Qb6 11. Qe2 Bd7 12. O-O-O O-O-O 13. d5 Nb8 14. Bc4 Bf6 15. Ne5 Rhe8 16. d6 Bxe5 17. Qxe5 Nc6 18. Qg7 f4 19. Nh5 Rg8 20. Qxf7 Rdf8 21. Qxh7 Ne5 22. Nf6 Qd8 23. Nxg8 Rxg8 24. Bb3 Rxg2 25. Qe4 f3 26. Qxe5 Rxf2 27. Bxe6 Re2 28. Bxd7+ Qxd7 29. Qh8+ Re8 30. Qf6 b6 31. Kb1 Kb7 32. Qxf3+ Kb8 33. Rhf1 Re6 34. Qf7 Qc6 35. Qf8+ Kb7 36. Rf7+ Ka6 37. Re7 Qe4+ 38. Ka1 Qc2 39. Qf1+ Ka5 40. Rb1 1-0


[Site "https://www.chess.com"]

[Event "Titled Tuesday Blitz January 17 Late 2023"]
[White "Carbone, Diego"]
[Black "Guo, Josh"]
[WhiteFideId "3002179"]
[BlackFideId "2682427"]
[WhiteElo "2336"]
[BlackElo "2112"]
[Result "1-0"]
[Round "02"]
[TimeControl "180+2"]
[Date "2023.01.17"]
[WhiteClock "0:00:59"]
[BlackClock "0:00:04"]

1. d4 Nf6 2. c4 g6 3. g3 Bg7 4. Bg2 O-O 5. Nc3 d6 6. Nf3 Nc6 7. O-O a6 8. b3 Rb8 9. d5 Na5 10. Bg5 c5 11. dxc6 Nxc6 12. Rc1 h6 13. Be3 Ng4 14. Bd2 Nge5 15. Ne1 Be6 16. h3 g5 17. f4 gxf4 18. gxf4 Nxc4 19. bxc4 Bxc4 20. Nd5 Bxa2 21. Qc2 Bxd5 22. Bxd5 Nd4 23. Qd3 e6 24. Ba2 Qh4 25. Ng2 Qf6 26. Bb1 Nf5 27. e4 Qd4+ 28. Kh2 Qxd3 29. Bxd3 Nd4 30. Rc7 Rfc8 31. Rxc8+ Rxc8 32. f5 Be5+ 33. Kg1 b5 34. Ne3 Nb3 35. Be1 Nc1 36. Bb1 Ne2+ 37. Kg2 Nc3 38. Bd3 b4 39. Ng4 h5 40. Nxe5 dxe5 41. fxe6 fxe6 42. Rf6 a5 43. Rxe6 Rd8 44. Bc4 Kg7 45. Rxe5 Rd1 46. Bf2 Rd2 47. Re7+ Kf6 48. Rf7+ Kg6 49. Kf3 a4 50. Be3 Rd6 51. e5 Rd8 52. Rb7 Rf8+ 53. Kg3 b3 54. Bd3+ Rf5 55. e6 Kf6 56. Bxf5 Kxf5 57. e7 Ne4+ 58. Kg2 Nf6 59. Rb4 Ke6 60. Bg5 Kxe7 61. Rxa4 Ke6 62. Bxf6 Kxf6 63. Rb4 1-0


[Site "https://www.chess.com"]

[Event "Titled Tuesday Blitz January 17 Late 2023"]
[White "Jorajuria Mendoza, Algol"]
[Black "Ozdemir, Serhan Berat"]
[WhiteFideId "5128897"]
[BlackFideId "6374611"]
[WhiteElo "2069"]
[BlackElo "2223"]
[Result "1/2-1/2"]
[Round "02"]
[TimeControl "180+2"]
[Date "2023.01.17"]
[WhiteClock "0:00:08"]
[BlackClock "0:00:05"]

1. e4 c5 2. Nf3 e6 3. g3 d5 4. exd5 exd5 5. Bg2 Nc6 6. O-O Nf6 7. d4 Be7 8. dxc5 Bxc5 9. Re1+ Be6 10. Ng5 O-O 11. Nc3 Qb6 12. Qd2 Ng4 13. Nh3 Bb4 14. a3 Qa5 15. axb4 Qxa1 16. Nxd5 Bxd5 17. Bxd5 Rad8 18. Qg5 Nf6 19. Nf4 Rfe8 20. Rxe8+ Rxe8 21. Nd3 h6 22. Qf5 Nxd5 23. Qxd5 Nxb4 24. Qd7 Rf8 25. Kg2 Nxd3 26. Be3 Nxb2 27. Qxb7 Qa4 28. Bxa7 Nc4 29. Bc5 Na5 30. Qd5 Qc6 31. Qxc6 Nxc6 32. Bxf8 Kxf8 33. Kf3 Ke7 34. Ke4 Kd6 35. c3 Kc5 36. Kd3 Kd5 37. h3 Ne5+ 38. Ke3 Kc4 39. Ke4 Nd3 40. f4 Kxc3 41. f5 Kc4 42. f6 g6 43. h4 h5 44. Kf3 Kd5 45. g4 Ne5+ 46. Kf4 Nxg4 47. Kg5 Ke5 1/2-1/2


[Site "https://www.chess.com"]

[Event "Titled Tuesday Blitz January 17 Late 2023"]
[White "Graif, William"]
[Black "Mesa Cruz, Juan Carlos"]
[WhiteFideId "2609835"]
[BlackFideId "6423400"]
[WhiteElo "2304"]
[BlackElo "2122"]
[Result "1-0"]
[Round "02"]
[TimeControl "180+2"]
[Date "2023.01.17"]
[WhiteClock "0:01:53"]
[BlackClock "0:01:17"]

1. e4 c5 2. Nc3 Nc6 3. Bb5 Nd4 4. Nf3 Nxb5 5. Nxb5 a6 6. Nc3 g6 7. d4 Bg7 8. e5 cxd4 9. Qxd4 d6 10. Bf4 Bg4 11. O-O-O dxe5 12. Qxd8+ Rxd8 13. Rxd8+ Kxd8 14. Nxe5 Bxe5 15. Bxe5 f6 16. Bg3 e5 17. f3 Be6 18. Rd1+ Ke7 19. f4 exf4 20. Bxf4 Nh6 21. Bxh6 1-0


[Site "https://www.chess.com"]

[Event "Titled Tuesday Blitz January 17 Late 2023"]
[White "Sowa, Ryan"]
[Black "Mione, Dario"]
[WhiteFideId "30901693"]
[BlackFideId "806625"]
[WhiteElo "2073"]
[BlackElo "2228"]
[Result "1-0"]
[Round "02"]
[TimeControl "180+2"]
[Date "2023.01.17"]
[WhiteClock "0:00:16"]
[BlackClock "0:00:01"]

1. Nf3 c5 2. b3 Nf6 3. Bb2 e6 4. e3 Be7 5. d4 d5 6. Nbd2 Nc6 7. Bd3 O-O 8. a3 b6 9. Ne5 Nxe5 10. dxe5 Nd7 11. Nf3 f5 12. exf6 Bxf6 13. Bxf6 Qxf6 14. O-O Bb7 15. c4 Ne5 16. Nxe5 Qxe5 17. Qc2 Qh5 18. b4 Rac8 19. b5 Rfd8 20. a4 e5 21. cxd5 Bxd5 22. Be4 h6 23. a5 Qf7 24. axb6 axb6 25. h3 Bxe4 26. Qxe4 Qd5 27. Qg4 Ra8 28. Rxa8 Rxa8 29. Rd1 Qf7 30. Rd7 Qf6 31. Qe4 Ra1+ 32. Kh2 Qxf2 33. Rd8+ Kf7 34. Qd5+ Kg6 35. Rd6+ Kh7 36. Qe4+ Kg8 37. Rd8+ Kf7 38. Qd5+ Kg6 39. Qd3+ Kf7 40. Rd7+ 1-0


[Site "https://www.chess.com"]

[Event "Titled Tuesday Blitz January 17 Late 2023"]
[White "Vovk, Orest"]
[Black "Coelho, Ramyres Santana"]
[WhiteFideId "14113490"]
[BlackFideId "2120690"]
[WhiteElo "2315"]
[BlackElo "1981"]
[Result "1-0"]
[Round "02"]
[TimeControl "180+2"]
[Date "2023.01.17"]
[WhiteClock "0:00:52"]
[BlackClock "0:00:24"]

1. h4 e5 2. h5 Bc5 3. Nf3 e4 4. d4 Bd6 5. Ng5 Nf6 6. h6 g6 7. Nc3 Qe7 8. Rh4 Bb4 9. a3 Bxc3+ 10. bxc3 d5 11. Bf4 Nh5 12. Rxh5 gxh5 13. e3 Bg4 14. Qb1 c6 15. c4 f6 16. Nh3 Bxh3 17. gxh3 b6 18. cxd5 cxd5 19. Qb5+ Qd7 20. Rb1 Qxb5 21. Rxb5 Nd7 22. Rxd5 a6 23. Bg2 O-O-O 24. Bxe4 Rhe8 25. Bf5 Re7 26. Bd6 Rf7 27. Be6 Rdf8 28. Bxf8 Rxf8 29. Rxd7 Kb8 30. Rxh7 Re8 31. Bf5 Rg8 32. Rg7 Rh8 33. h7 1-0


[Site "https://www.chess.com"]

[Event "Titled Tuesday Blitz January 17 Late 2023"]
[White "Slovineanu, Viacheslav"]
[Black "Mareco, Sandro"]
[WhiteFideId "13900510"]
[BlackFideId "112275"]
[WhiteElo "2412"]
[BlackElo "2633"]
[Result "1/2-1/2"]
[Round "02"]
[TimeControl "180+2"]
[Date "2023.01.17"]
[WhiteClock "0:00:05"]
[BlackClock "0:00:05"]

1. d4 f5 2. Nc3 d5 3. Bg5 c6 4. Qd2 Nd7 5. e3 Ngf6 6. Bd3 e6 7. Nf3 Be7 8. O-O O-O 9. Bf4 Ne4 10. Bxe4 fxe4 11. Ne5 Nxe5 12. Bxe5 Bd6 13. Bxd6 Qxd6 14. Ne2 e5 15. dxe5 Qxe5 16. c4 Be6 17. cxd5 Bxd5 18. Qd4 Qg5 19. Nc3 Rad8 20. Nxd5 Rxd5 21. Qxe4 Rd2 22. Rad1 Rxb2 23. Qe6+ Kh8 24. Rd7 h6 25. Qe7 Qxe7 26. Rxe7 Kg8 27. h4 Rf7 28. Re8+ Kh7 29. f4 Rxa2 30. e4 b5 31. e5 Re2 32. f5 b4 33. e6 Rb7 34. Rf8 b3 35. Rf7 Rb8 36. f6 b2 37. Rxg7+ Kh8 38. e7 b1=Q 39. Rxb1 Rxb1+ 40. Kh2 Rb8 41. Rf7 Kg8 42. Rg7+ Kh8 43. Rf7 Rg8 44. Rf8 Rxg2+ 45. Kh1 Rg1+ 46. Kh2 Rg2+ 47. Kh1 Rg1+ 48. Kh2 Rg2+ 1/2-1/2


[Site "https://www.chess.com"]

[Event "Titled Tuesday Blitz January 17 Late 2023"]
[White "Zampronha, Wladimir Camilo"]
[Black "Danielyan, Vahe"]
[WhiteFideId "2103087"]
[BlackFideId "13304828"]
[WhiteElo "2176"]
[BlackElo "2346"]
[Result "1/2-1/2"]
[Round "02"]
[TimeControl "180+2"]
[Date "2023.01.17"]
[WhiteClock "0:00:07"]
[BlackClock "0:00:04"]

1. e4 g6 2. d4 Nf6 3. Nc3 d6 4. Bg5 Bg7 5. f4 c6 6. Nf3 b5 7. e5 dxe5 8. dxe5 Qxd1+ 9. Rxd1 Nfd7 10. a4 a6 11. Be2 Bb7 12. O-O Nc5 13. Bh4 Nbd7 14. b4 Nxa4 15. Nxa4 bxa4 16. Ra1 Nb6 17. c4 Rd8 18. Bf2 Nd7 19. Rxa4 f6 20. exf6 Bxf6 21. c5 Nb8 22. Rd1 Rxd1+ 23. Bxd1 Kd7 24. Ng5 Bxg5 25. fxg5 Rd8 26. Bg4+ Ke8 27. h4 Bc8 28. Bf3 Be6 29. Bg3 Bd5 30. Bxb8 Rxb8 31. Rxa6 Rxb4 32. Bxd5 cxd5 33. c6 Rc4 34. Ra8+ Kf7 35. Rd8 Ke6 36. Rh8 Rxc6 37. Rxh7 Rc7 38. Rg7 d4 39. Rxg6+ Kf5 40. Ra6 d3 41. Kf2 Rd7 42. Ra1 e5 43. Ke3 e4 44. Rf1+ Ke5 45. g6 Ra7 46. h5 Ra2 47. Rf2 Rxf2 48. Kxf2 Kd4 49. g7 e3+ 50. Kg3 d2 51. g8=Q e2 52. Qd8+ Kc3 53. Qc7+ Kb2 54. Qb6+ Kc1 55. Qc5+ Kb1 56. Qb4+ Kc1 57. Qa3+ Kc2 58. Qa2+ Kd3 59. Qb1+ Kc3 60. Qa1+ Kb3 61. Qb1+ Kc3 62. Qa1+ Kb3 63. Qb1+ Kc3 1/2-1/2


[Site "https://www.chess.com"]

[Event "Titled Tuesday Blitz January 17 Late 2023"]
[White "Saya, Ethan"]
[Black "Gardezi, Arsal"]
[WhiteFideId "26095181"]
[BlackFideId "30949521"]
[WhiteElo "2181"]
[BlackElo "2093"]
[Result "1/2-1/2"]
[Round "02"]
[TimeControl "180+2"]
[Date "2023.01.17"]
[WhiteClock "0:01:25"]
[BlackClock "0:00:23"]

1. e4 e6 2. d4 c5 3. d5 exd5 4. exd5 d6 5. Nf3 Nf6 6. Bb5+ Bd7 7. Bxd7+ Nbxd7 8. O-O Be7 9. Re1 O-O 10. a4 Ng4 11. Na3 Bf6 12. Nc4 Qc7 13. Bf4 Nge5 14. Nfxe5 Nxe5 15. Bxe5 Bxe5 16. Nxe5 dxe5 17. d6 Qc6 18. Rxe5 Rad8 19. Rd5 Rd7 20. Qd2 Rfd8 21. Re1 h6 22. b3 Rxd6 23. Rxd6 Qxd6 24. Qxd6 Rxd6 25. Kf1 Rd2 26. Re2 Rd1+ 27. Re1 Rd2 28. Re8+ Kh7 29. Re7 Rxc2 30. Rxb7 Rb2 31. Rxf7 Rxb3 32. Rxa7 Ra3 33. g3 c4 34. Kg2 c3 35. Rc7 Rxa4 36. Rxc3 Ra2 37. Rc6 Rd2 38. Ra6 Rb2 39. Re6 Rc2 40. Kf3 Rb2 41. Re2 Rb3+ 42. Re3 Rb2 43. h4 Rb4 44. Re4 Rb3+ 45. Re3 Rb5 46. Kg4 Rb4+ 47. Kh3 h5 48. Re5 g6 49. Kg2 Kg7 50. Kf3 Kf6 51. Re4 Rb2 52. Rf4+ Kg7 53. Ra4 Rc2 54. Ra3 Rb2 55. Re3 Rb4 56. Re4 Rb3+ 57. Re3 Rb2 58. Re2 Rb3+ 59. Kf4 Rb4+ 60. Re4 Rb5 61. Re5 Rb4+ 62. Kf3 Ra4 63. Re4 Ra3+ 64. Kg2 Rb3 65. Re7+ Kf6 66. Re3 Rb2 67. Rf3+ Kg7 68. Ra3 Rb4 69. Ra2 Rb3 70. Kf1 Rb4 71. Rc2 Rb1+ 72. Ke2 Rb3 73. Rd2 Rc3 74. Rd3 Rc2+ 75. Ke3 Rc4 76. Rd4 Rc2 77. f3 Rc3+ 78. Kf4 Rc5 79. Rd7+ Kf6 80. Rd6+ Kf7 81. Rd4 Rf5+ 82. Ke4 Ra5 83. Rd5 Ra4+ 84. Ke3 Ra3+ 85. Rd3 Ra4 86. Rb3 Kf6 87. Rb6+ Kf7 88. Kf2 Ra3 89. Kg2 Re3 90. f4 Rb3 91. Rd6 Rc3 92. Kf2 Ra3 93. Rd5 Rb3 94. f5 gxf5 95. Rxf5+ Kg6 96. Re5 Ra3 97. Re3 Ra2+ 98. Kf3 Ra4 99. Re4 Ra3+ 100. Kf4 Ra5 101. Re6+ Kf7 102. Re5 Ra4+ 103. Re4 Ra5 104. Rb4 Kg6 105. Rb6+ Kg7 106. Re6 Kf7 107. Rd6 Kg7 108. Rc6 Kf7 109. Rb6 Kg7 110. Rb4 Kf7 111. Re4 Kg7 112. Re6 Kf7 1/2-1/2


[Site "https://www.chess.com"]

[Event "Titled Tuesday Blitz January 17 Late 2023"]
[White "Herbst, Richard"]
[Black "Strahov, Andrej"]
[WhiteFideId "2041251"]
[BlackFideId "4165489"]
[WhiteElo "2120"]
[BlackElo "2398"]
[Result "0-1"]
[Round "02"]
[TimeControl "180+2"]
[Date "2023.01.17"]
[WhiteClock "0:00:04"]
[BlackClock "0:00:53"]

1. e4 e5 2. Nf3 Nc6 3. Bc4 Bc5 4. c3 Nf6 5. d4 exd4 6. e5 d5 7. Bb5 Ne4 8. cxd4 Bb6 9. Nc3 O-O 10. Be3 Ne7 11. h3 f5 12. Ne2 Ng6 13. g3 Ba5+ 14. Kf1 f4 15. Nxf4 Nxf4 16. Bxf4 g5 17. Be3 g4 18. hxg4 Bxg4 19. Be2 Qe7 20. Kg2 Qg7 21. Nh4 Be6 22. Bf3 Kh8 23. Qd3 c6 24. Bd1 Bd8 25. Bc2 Bg4 26. Rag1 Be7 27. Kf1 Bxh4 28. Rxh4 Rf3 29. Ke1 Raf8 30. Rgh1 h5 31. Bd1 Nxf2 32. Bxf2 Rxd3 33. Bxg4 Qg6 34. Rxh5+ Kg7 35. Rh7+ Qxh7 36. Rxh7+ Kxh7 37. Be2 Rdf3 38. Bxf3 Rxf3 39. Ke2 Rf8 40. Be3 Kg6 41. Bf4 Kf5 42. b4 Rh8 43. Kf3 Rh1 44. g4+ Ke6 45. Be3 Ra1 46. g5 Rxa2 47. g6 b6 48. Bh6 Ra3+ 49. Kf4 Ra1 50. g7 Rg1 51. Bg5 Kf7 52. e6+ Kxg7 53. Kf5 Re1 54. Bf6+ Kf8 55. Be5 Ke7 56. Bf6+ Ke8 57. Be5 Re4 58. Bd6 Rxd4 0-1


[Site "https://www.chess.com"]

[Event "Titled Tuesday Blitz January 17 Late 2023"]
[White "Kuznecovs, Nikita"]
[Black "Cueto, Jonny"]
[WhiteFideId "11604557"]
[BlackFideId "3300145"]
[WhiteElo "2287"]
[BlackElo "2122"]
[Result "1-0"]
[Round "02"]
[TimeControl "180+2"]
[Date "2023.01.17"]
[WhiteClock "0:01:16"]
[BlackClock "0:00:02"]

1. Nf3 e6 2. e4 d5 3. d3 dxe4 4. dxe4 Qxd1+ 5. Kxd1 Nf6 6. e5 Ng4 7. Be3 Nxe3+ 8. fxe3 Bd7 9. Bd3 Bc6 10. Nbd2 Bc5 11. Ke2 Nd7 12. Nb3 Bb6 13. Nbd4 Nc5 14. Nxc6 bxc6 15. Rhd1 h6 16. a4 a5 17. Nd2 Nxd3 18. cxd3 Bc5 19. Ne4 Bb4 20. Rac1 Kd7 21. Rc4 Rhb8 22. Rf1 Be7 23. Rxf7 Rxb2+ 24. Kf3 Rf8 25. Nc5+ Ke8 26. Rxf8+ Bxf8 27. Nxe6 Ra2 28. Nxf8 Kxf8 29. Rxc6 Rxa4 30. Rxc7 Ra1 31. d4 a4 32. Ra7 a3 33. Ke4 a2 34. d5 Ke8 35. e6 g5 36. d6 Re1 37. Ra8# 1-0


[Site "https://www.chess.com"]

[Event "Titled Tuesday Blitz January 17 Late 2023"]
[White "Gasparyan, David"]
[Black "Castellanos Hernandez, Emilio Au"]
[WhiteFideId "13311980"]
[BlackFideId "5114179"]
[WhiteElo "2142"]
[BlackElo "1964"]
[Result "1-0"]
[Round "02"]
[TimeControl "180+2"]
[Date "2023.01.17"]
[WhiteClock "0:00:27"]
[BlackClock "0:00:14"]

1. e4 c6 2. d3 d5 3. Nd2 e5 4. g3 Bd6 5. Bg2 Ne7 6. Ne2 O-O 7. O-O f5 8. c3 Ng6 9. exd5 f4 10. dxc6 Nxc6 11. Qb3+ Kh8 12. Be4 Bg4 13. Nf3 fxg3 14. fxg3 Bc5+ 15. Kg2 Bxf3+ 16. Rxf3 Rxf3 17. Bxf3 Rb8 18. Qc4 Bb6 19. Bd2 Qf6 20. Rf1 Rf8 21. Qg4 Qd6 22. Be4 Rxf1 23. Kxf1 Nce7 24. Kg2 a5 25. Qf3 Nc6 26. Be3 Bd8 27. Qf5 Bf6 28. Bg5 Nce7 29. Qg4 Qb6 30. Bxf6 gxf6 31. b3 a4 32. b4 Qe3 33. Qf3 Qd2 34. h4 f5 35. Bxb7 f4 36. h5 Nf8 37. Qe4 Ne6 38. Qxe5+ Ng7 39. h6 Nf5 40. hxg7+ Nxg7 41. Qb8+ Ne8 42. Qxe8+ Kg7 43. Qe5+ Kg6 44. gxf4 Qe1 45. Be4+ Kh6 46. Qf6+ Kh5 47. Bf3# 1-0


[Site "https://www.chess.com"]

[Event "Titled Tuesday Blitz January 17 Late 2023"]
[White "Kohler, Aran"]
[Black "Goncalves, Davi Sulzbacher"]
[WhiteFideId "1002856"]
[BlackFideId "2154510"]
[WhiteElo "2010"]
[BlackElo "2282"]
[Result "0-1"]
[Round "02"]
[TimeControl "180+2"]
[Date "2023.01.17"]
[WhiteClock "0:00:11"]
[BlackClock "0:00:09"]

1. d4 g6 2. c3 Bg7 3. Bg5 b6 4. Nd2 Bb7 5. Ngf3 h6 6. Bh4 Nf6 7. e3 O-O 8. Bd3 d6 9. Qb3 g5 10. Bg3 Nh5 11. O-O-O a5 12. Qc2 a4 13. Bh7+ Kh8 14. Be4 c6 15. h4 g4 16. Ne1 Nxg3 17. fxg3 e6 18. Bd3 a3 19. b3 c5 20. dxc5 bxc5 21. e4 Qf6 22. Nb1 Nc6 23. Rf1 Qe5 24. Rf4 h5 25. Rf2 Qxg3 26. Qe2 Bh6+ 27. Kc2 Ne5 28. Nd2 d5 29. exd5 exd5 30. Rf5 Nxd3 31. Nxd3 Rae8 32. Qf1 c4 33. bxc4 dxc4 34. Nc5 Bxg2 35. Qxc4 Qxh4 36. Qd4+ Bg7 37. Qf4 Qh3 38. Nce4 Rxe4 39. Rxh5+ Kg8 40. Nxe4 Bxe4+ 41. Qxe4 Qxc3+ 42. Kb1 Qb2# 0-1


[Site "https://www.chess.com"]

[Event "Titled Tuesday Blitz January 17 Late 2023"]
[White "Jenkins, Drake"]
[Black "Novikov, Evgenij"]
[WhiteFideId "2022397"]
[BlackFideId "4125380"]
[WhiteElo "2130"]
[BlackElo "2276"]
[Result "1-0"]
[Round "02"]
[TimeControl "180+2"]
[Date "2023.01.17"]
[WhiteClock "0:00:41"]
[BlackClock "0:00:01"]

1. Nf3 d6 2. c4 Nf6 3. Nc3 g6 4. g3 Bg7 5. Bg2 O-O 6. O-O c6 7. Rb1 a5 8. a3 Bf5 9. d3 Qc8 10. Re1 Ne8 11. Qc2 Na6 12. b4 axb4 13. axb4 Bh3 14. b5 Nc5 15. bxc6 bxc6 16. Bh1 Nc7 17. Be3 N5e6 18. Ng5 Nxg5 19. Bxg5 f6 20. Bd2 Ra6 21. Ra1 Bd7 22. Qb2 Rxa1 23. Rxa1 Qb8 24. Qa3 f5 25. Rb1 Qa8 26. Qxa8 Rxa8 27. Rb7 Rc8 28. Na4 Bd4 29. e3 Bc5 30. d4 Be6 31. dxc5 Bxc4 32. Nb6 Ba6 33. Nxc8 Bxb7 34. Nxe7+ Kf7 35. cxd6 Ne6 36. Nxc6 Ke8 37. Nd4 Bxh1 38. Nxe6 Be4 39. Ng5 Bd5 40. Nxh7 Kd7 41. Bb4 Ke6 42. Nf8+ Kf7 43. d7 1-0


[Site "https://www.chess.com"]